 Dungeon Crawl Stone Soup version 0.31.0-9-g3a7656b989 (webtiles) character file.

Game seed: 11463393074364349332

203 groovy9 the Skirmisher (level 5, -4/32 HPs)
             Began as a Deep Elf Hunter on Jan 25, 2024.
             Killed by divine providence
             ... invoked by an orc priest
              (14 damage)
             ... on level 4 of the Dungeon.
             The game lasted 00:05:19 (2196 turns).

groovy9 the Skirmisher (Deep Elf Hunter)            Turns: 2196, Time: 00:05:20

Health: -4/32      AC:  4    Str:  8    XL:     5   Next: 51%
Magic:  7/7        EV: 13    Int: 14    God:
Gold:   143        SH:  0    Dex: 26    Spells: 4/4 levels left

rFire   . . .        a - +0 shortbow
rCold   . . .        (shield currently unavailable)
rNeg    . . .        c - +0 leather armour
rPois   .            (no helmet)
rElec   .            (no cloak)
rCorr   .            d - +0 pair of gloves
SInv    +            (no boots)
Will    .....        o - amulet of magic regeneration
Stlth   ++           j - +6 ring of dexterity
HPRegen 0.25/turn    r - ring of see invisible
MPRegen 0.50/turn

%: no passive effects
@: no status effects
A: no striking features
a: no special abilities


You were on level 4 of the Dungeon.
You visited 1 branch of the dungeon, and saw 4 of its levels.

You collected 143 gold pieces.

Inventory:

Hand Weapons
 a - a +0 shortbow (weapon)
 i - a +4 whip of electrocution
Armour
 c - a +0 leather armour (worn)
 d - a +0 pair of gloves (worn)
Jewellery
 j - a +6 ring of dexterity (left hand)
 o - an amulet of magic regeneration (around neck)
 r - a ring of see invisible (right hand)
 t - a ring of protection from cold
Wands
 k - a wand of flame (17)
 l - a wand of polymorph (14)
Scrolls
 b - a scroll of butterflies
 e - a scroll of amnesia {unknown}
 f - 3 scrolls of identify {unknown}
 m - a scroll of noise {unknown}
 n - a scroll of summoning {unknown}
 q - a scroll of blinking {unknown}
 s - a scroll of enchant weapon {unknown}
Potions
 g - 2 potions of degeneration {unknown}
 h - a potion of attraction {unknown}
 p - a potion of haste {unknown}


   Skills:
 + Level 3.0 Fighting
 * Level 8.0 Ranged Weapons
 - Level 2.4 Dodging
 - Level 1.2 Stealth


You had 4 spell levels left.
You didn't know any spells.
Your spell library contained the following spells:

 Spells                   Type           Power      Damage    Failure   Level
 Kiss of Death            Conj/Necr      0%         2d5       38%         1
 Sublimation of Blood     Necr           0%         N/A       54%         2
 Confusing Touch          Hex            0%         N/A       77%         3
 Fugue of the Fallen      Necr           0%         N/A       77%         3
 Ozocubu's Armour         Ice            0%         N/A       77%         3
 Dispel Undead            Necr           0%         3d6       99%         4
 Manifold Assault         Tloc           0%         N/A       99%         4
 Petrify                  Alch/Erth      0%         N/A       99%         4
 Irradiate                Conj/Alch      0%         3d11      100%        5
 Haunt                    Necr/Summ      0%         N/A       100%        7
 Borgnjor's Revivificati  Necr           0%         N/A       100%        8
 Death's Door             Necr           0%         N/A       100%        9


Dungeon Overview and Level Annotations

Branches:
Dungeon (4/15)
 Temple: D:4-7

Altars:
Xom


Message History

You kill the orc!
You shoot an arrow. The arrow hits the orc priest!
The orc priest is severely wounded.
The orc priest calls down the wrath of Beogh upon you.
Pain shoots through your body!
You shoot an arrow. The arrow hits the orc priest!
You kill the orc priest!
Your Fighting skill increases to level 3!
Your Ranged Weapons skill increases to level 8!
You shoot an arrow. The arrow hits the orc!
You kill the orc!
You start resting.
HP restored.
You start waiting.
An orc priest is nearby!
You shoot an arrow. The orc priest shouts!
The arrow hits the orc priest.
The orc priest is moderately wounded.
You shoot an arrow. The arrow barely misses the orc priest.
You shoot an arrow. The arrow barely misses the orc priest.
You shoot an arrow. The arrow barely misses the orc priest.
The orc priest calls down the wrath of Beogh upon you.
Beogh smites you!
You are too injured to fight recklessly!
Fire: a) +0 shortbow
Press: ? - help, Q - select action, (/) - cycle Shift-Dir - straight line, f/p - orc priest
Aim: an orc priest, wielding a +0 club (moderately wounded, 70% to hit)
You shoot an arrow. The arrow hits the orc priest!
The orc priest is almost dead.
The orc priest mumbles some strange prayers to Beogh against you.
Pain shoots through your body! The orc priest hits you with a +0 club.
Fire: a) +0 shortbow
Press: ? - help, Q - select action, (/) - cycle Shift-Dir - straight line, f/p - orc priest
Aim: an orc priest, wielding a +0 club (severely wounded, 70% to hit)
You shoot an arrow.
The arrow completely misses the orc priest.
The orc priest mumbles some strange prayers to Beogh against you.
Beogh smites you!
You die...

.o......# #.# ..o.
#o# .....#.# #.#
.....#.# #.###
....#'####...#
.....o....o..#
#######....o....#
#@o...#........##
#.#.#)#........#
#.#.#†#.#........#
#................#
#................#
#................#
#.....#.#........#
......#.#........#
........#........#


You could see an orc priest.

Vanquished Creatures
  An orc priest (D:4)
  Natasha (thrice) (D:2)
  An iguana (D:4)
  An adder (D:3)
  2 dart slugs
  3 orcs
  10 endoplasms
  A giant cockroach (D:1)
  5 goblins
  7 hobgoblins
  7 ball pythons
  7 bats
  2 frilled lizards
  4 kobolds
  6 rats
60 creatures vanquished.

Notes
Turn   | Place    | Note
-------+----------+-------------------------------------------
     0 | D:1      | groovy9 the Deep Elf Hunter began the quest for the Orb.
     0 | D:1      | Reached XP level 1. HP: 12/12 MP: 3/3
    73 | D:1      | Reached XP level 2. HP: 17/17 MP: 4/4
   211 | D:1      | Reached skill level 6 in Ranged Weapons
   476 | D:1      | Reached XP level 3. HP: 21/21 MP: 5/5
   689 | D:2      | Noticed Natasha
   701 | D:2      | Killed Natasha
   789 | D:2      | Noticed Natasha
   793 | D:2      | Killed Natasha
   794 | D:2      | Reached XP level 4. HP: 27/27 MP: 6/6
   818 | D:2      | Reached skill level 7 in Ranged Weapons
   933 | D:2      | Noticed Natasha
   937 | D:2      | Killed Natasha
  1528 | D:3      | Found a shimmering altar of Xom.
  1622 | D:3      | Reached XP level 5. HP: 31/31 MP: 7/7
  2117 | D:4      | Reached skill level 8 in Ranged Weapons
  2196 | D:4      | Killed from afar by an orc priest

Illustrated notes

Levels and vault maps discovered:
D:1:      saegor_arrival_simple_b, layout_loops_cross, hangedman_decor_riveting,
          minmay_fountain_box, minmay_tall_x
D:2:      layout_loops_ring, minmay_misc_feat_alley, kennysheep_pointless_box,
          uniq_natasha
D:3:      layout_basic, mainiacjoe_overflow_cross_hatched
D:4:      layout_basic, lemuel_crystal_altar, minmay_cut_off

Skill      XL: |  1  2  3  4  5 |
---------------+----------------+-----
Fighting       | 2 3 |  3.0
Ranged Weapons | 6 7 8 |  8.0
Dodging        | |  2.4
Stealth        | |  1.2

Action                     |  1- 3 |  4- 6 || total
---------------------------+-------+-------++-------
  Melee: Whip              |       |     2 ||     2
   Fire: Shortbow          |    83 |    75 ||   158
 Armour: Leather armour    |    12 |     7 ||    19
  Dodge: Dodged            |    12 |     4 ||    16
